 Dungeon Crawl Stone Soup version 0.27-a0-1090-gb115f176c6 (webtiles) character file.

Game seed: 10901701842153342296

859 voltaire321 the Skirmisher (level 8, 0/51 HPs)
             Began as a Gargoyle Fighter on Apr 28, 2021.
             Was a Follower of Ashenzari.
             Slain by Duvessa
             ... wielding a +2 short sword of draining
              (10 damage)
             ... on level 5 of the Dungeon.
             The game lasted 00:14:58 (4676 turns).

voltaire321 the Skirmisher (Gargoyle Fighter)       Turns: 4676, Time: 00:14:59

Health: 0/51       AC: 13    Str: 23    XL:     8   Next: 2%
Magic:  17/17      EV:  8    Int:  8    God:    Ashenzari [*.....]
Gold:   192        SH: 15    Dex:  9    Spells: 7/7 levels left

rFire    + . .     SeeInvis .   a - +0 flail
rCold    + . .     Faith    .   c - +0 kite shield
rNeg     + . .     Spirit   .   b - +0 scale mail
rPois    ∞         Reflect  +   (no helmet)
rElec    +         Harm     .   (no cloak)
rCorr    .         Rampage  .   (no gloves)
Will     .....                  (no boots)
Stlth    ..........             q - amulet "Shattered Secrets" {Reflect SH+5, Alch, Fort} (curse)
HPRegen  0.17/turn              f - ring of protection from fire
MPRegen  0.15/turn              g - ring "Cosmic Mutualism" {rC+ MP+9, Range, Melee} (curse)

@: mighty
A: AC +5, negative energy resistance 1, electricity resistance, torment
resistance 1, unbreathing 1, petrification resistance
a: Renounce Religion, Shatter the Chains


You were on level 5 of the Dungeon.
You worshipped Ashenzari.
Ashenzari was aware of your devotion.
You visited 1 branch of the dungeon, and saw 5 of its levels.
You also visited: Sewer.

You collected 192 gold pieces.

Inventory:

Hand Weapons
 a - a +0 flail (weapon)
Missiles
 h - 8 javelins (quivered)
Armour
 b - a +0 scale mail (worn)
 c - a +0 kite shield (worn)
Jewellery
 f - a ring of protection from fire (left hand)
 g - the cursed ring "Cosmic Mutualism" (right hand) {rC+ MP+9, Range, Melee}
   (You found it on level 4 of the Dungeon)

   [ring of magical power]

   It protects you from cold.
   It affects your magic capacity (+9).
   It has a curse which improves the following skills: Ranged Combat: Slings,
   Bows, Crossbows and Throwing.
   Melee Combat: Short Blades, Long Blades, Axes, Maces & Flails, Polearms,
   Staves and Unarmed Combat.
 q - the cursed amulet "Shattered Secrets" (around neck) {Reflect SH+5, Alch, Fort}
   (You found it on level 2 of the Dungeon)

   [amulet of reflection]

   It reflects blocked missile attacks.
   It affects your SH (+5).
   It has a curse which improves the following skills: Alchemy: Poison Magic and
   Transmutations.
   Fortitude: Armour and Shields.
Scrolls
 e - a scroll of blinking
 o - a scroll of teleportation
 p - a scroll of enchant weapon
 s - 2 scrolls of holy word
Potions
 d - 2 potions of might
 j - 3 potions of brilliance
 k - 2 potions of flight
 l - 5 potions of heal wounds
 m - 2 potions of mutation
 r - 7 potions of curing


   Skills:
 + Level 5.8 Fighting
 + Level 4.7(5.7) Maces & Flails
 + Level 5.8(6.8) Armour
 + Level 5.8(6.8) Shields


You had 7 spell levels left.
You didn't know any spells.
Your spell library contained the following spells:

 Spells                   Type           Power      Damage    Failure   Level
 Magic Dart               Conj           0%         1d3       96%         1
 Blink                    Tloc           N/A        N/A       99%         2
 Call Imp                 Summ           0%         N/A       99%         2
 Slow                     Hex            0%         N/A       99%         2
 Conjure Flame            Conj/Fire      0%         6-21      100%        3
 Mephitic Cloud           Conj/Pois/Air  0%         N/A       100%        3


Dungeon Overview and Level Annotations

Branches:
Dungeon (5/15)              Sewer (visited)
 Temple: D:4-7

Altars:
Ashenzari
Cheibriados
Dithmenos
Makhleb
Uskayaw
Yredelemnul
Zin

Shops:
D:5 !

Annotations:
D:5 Duvessa


Innate Abilities, Weirdness & Mutations

Your stone body is resilient. (AC +5)
You are immune to poison.
You resist negative energy. (rN+)
You are resistant to electric shocks. (rElec)
You are resistant to unholy torment.
You can survive without breathing.
You are immune to petrification.


Message History

The orc is severely wounded.
You block the orc's attack.
You hit the orc.
The orc is almost dead.
You block the orc's attack.
You closely miss the orc.
The orc is almost dead.
You block the orc's attack. The orc hits you but does no damage.
You thump the orc!
You kill the orc!
Found an escape hatch in the floor.
Items here: )))) [[ †††.
Things that are here:
a +0 dagger; a +0 robe
s - 2 scrolls of holy word (gained 1) Duvessa, Sister of Dowan comes into view.
She is wielding a +2 short sword of draining and wearing a +2 leather armour of cold resistance.
Throw: dart (curare)
Press: ? - help, Q - select action, (/) - cycle Shift-Dir - straight line, f - Duvessa
Aim: Duvessa, wielding a +2 short sword of draining and wearing a +2 leather armour of cold resistance (60% to hit)
You throw a curare-tipped dart.
The curare-tipped dart closely misses Duvessa.
Duvessa goes berserk!
Duvessa rages.
You feel very mighty all of a sudden.
Duvessa hits you with a +2 short sword of draining.
You thump Duvessa!
Duvessa is lightly wounded.
Duvessa hits you with a +2 short sword of draining! x2
You hit Duvessa.
Duvessa is moderately wounded.
You block Duvessa's attack.
Duvessa hits you with a +2 short sword of draining!
* * * LOW HITPOINT WARNING * * *
You barely miss Duvessa.
Duvessa is moderately wounded.
You block Duvessa's attack. x2
You bludgeon Duvessa!!
Duvessa is severely wounded.
Duvessa hits you with a +2 short sword of draining!
You die...

##.#######**,* ****.#*******
.†........*#,*######.*
##.######.##.##.....,*
#.######..........,**
#.........>......#,*****###*****
*#....###.**,*#.#)#,,,,,,...,,,,,
#≈≈≈≈≈≈≈≈.**,*#.#.#******#.#*****
≈≈≈≈≈≈≈≈≈≈*#.##.#)#### #.##
≈###≈≈###≈≈#....@e...# #..#
≈+,*≈≈#,+≈≈#####..##.#####..#
≈###≈≈#**≈≈* #..##........#
≈≈≈≈≈≈≈≈≈≈≈* #!.##.#####..#
≈≈≈≈≈≈≈≈≈≈≈* #..#..#≈≈≈#..#
≈###≈≈***≈≈* #.....#≈≈≈#..#
≈+,*≈≈*,+≈≈* #..#=.#≈.≈#..#
≈#**≈≈###≈≈* #..##.#≈†≈#..#
≈≈≈≈≈≈≈≈≈≈** #..*#.#≈≈≈#.##


You could see Duvessa (berserk).

Vanquished Creatures
  A black bear (D:4)
  A centaur (D:5)
  A kobold brigand (Sewer)
  2 water moccasin skeletons
  Dowan (D:5)
  An orc priest (D:5)
  A jelly (D:3)
  A centaur zombie (D:4)
  Jessica (D:2)
  An iguana (D:5)
  4 orc wizards
  A killer bee zombie (D:5)
  A hound skeleton (D:4)
  4 river rats (Sewer)
  7 adders
  A worm (D:2)
  4 dart slugs
  14 orcs
  An endoplasm (D:2)
  A giant cockroach (D:5)
  A goblin (D:3)
  3 hobgoblins
  4 jackals (D:2)
  2 quokkas (D:1)
  9 ball pythons
  4 bats
  4 frilled lizards
  20 kobolds
  22 rats
118 creatures vanquished.

Notes
Turn   | Place    | Note
-------+----------+-------------------------------------------
     0 | D:1      | voltaire321 the Gargoyle Fighter began the quest for the
                  | Orb.
     0 | D:1      | Reached XP level 1. HP: 14/14 MP: 1/1
   298 | D:1      | Found a faded altar of an unknown god.
   751 | D:1      | Reached XP level 2. HP: 19/19 MP: 2/2
  1197 | D:2      | Reached XP level 3. HP: 21/23 MP: 3/3
  1696 | D:2      | Noticed Jessica
  1702 | D:2      | Killed Jessica
  1703 | D:2      | Reached XP level 4. HP: 22/29 MP: 4/4
  2025 | D:3      | Found a snail-covered altar of Cheibriados.
  2039 | D:3      | Found a broken altar of Ashenzari.
  2041 | D:3      | Found a shadowy altar of Dithmenos.
  2041 | D:3      | Found a basalt altar of Yredelemnul.
  2043 | D:3      | Found a burning altar of Makhleb.
  2044 | D:3      | Found a hide-covered altar of Uskayaw.
  2060 | D:3      | Became a worshipper of Ashenzari the Shackled
  2388 | D:3      | Reached XP level 5. HP: 33/33 MP: 5/5
  2759 | D:4      | Found a glowing silver altar of Zin.
  2764 | D:4      | Identified the ring of Mistrust {rC+ MP+9}
  2779 | D:4      | Reached XP level 6. HP: 34/39 MP: 6/6
  2941 | D:4      | Noticed a black bear
  2952 | D:4      | Killed a black bear
  3749 | D:5      | Entered Level 5 of the Dungeon
  3764 | D:5      | Reached skill level 5 in Fighting
  3764 | D:5      | Reached skill level 5 in Armour
  3764 | D:5      | Reached skill level 5 in Shields
  3776 | D:5      | Found Ruetwasm's Distillery.
  3782 | D:5      | Reached XP level 7. HP: 44/44 MP: 7/7
  3878 | D:5      | Found a glowing drain.
  3904 | Sewer    | Entered a sewer
  3911 | Sewer    | Reached * piety under Ashenzari
  4591 | D:5      | Noticed Dowan
  4621 | D:5      | Killed Dowan
  4636 | D:5      | Reached XP level 8. HP: 36/51 MP: 8/8
  4669 | D:5      | Noticed Duvessa
  4676 | D:5      | Slain by Duvessa

Illustrated notes

Levels and vault maps discovered:
D:1:      lightli_iron_boxes, layout_basic, ebering_ecumenical_altar_ruins,
          patterned_corridor
D:2:      layout_basic, uniq_jessica
D:3:      layout_loops_ring, grunt_temple_overflow_open
D:4:      layout_basic, overflow_temple_1_default
D:5:      layout_loops_ring, serial_shops, kennysheep_little_box,
          gup_sewer_entry_glass, minmay_misc_feat_plants, water_boxes_lemuel,
          uniq_duvessa, uniq_edmund

Skill      XL: |  1  2  3  4  5  6 |
---------------+-------------------+-----
Armour         | 4 5 |  5.8
Fighting       | 4 5 |  5.8
Shields        | 4 5 |  5.8
Maces & Flails | 3 4 |  4.7

Action                   |  1- 3 |  4- 6 |  7- 9 || total
-------------------------+-------+-------+-------++-------
Melee: Flail             |    76 |   145 |   241 ||   462
Throw: Dart              |       |       |     1 ||     1
Invok: Curse Item        |       |     1 |     1 ||     2
  Use: Scroll            |       |     1 |       ||     1
       Potion            |       |       |     2 ||     2
Armor: Scale mail        |    40 |    60 |   168 ||   268
Dodge: Dodged            |    24 |    41 |   101 ||   166
Block: Kite shield       |    38 |   137 |   322 ||   497
       Reflection        |       |     3 |     2 ||     5

Table legend: (Time is in decaauts)
 A = Elapsed time spent in this place.
 B = Non-inter-level travel time spent in this place.
 C = Inter-level travel time spent in this place.
 D = Time resting spent in this place.
 E = Time spent auto-exploring this place.
 F = Levels seen in this place.
 G = Mean time per level.
                   A        B        C        D        E       F      G
               +--------+--------+--------+--------+--------+-----+--------+
         Total |   4877 |   4729 |    148 |    297 |   3272 |   6 |  812.8 |
       Dungeon |   4157 |   4009 |    148 |    297 |   2911 |   5 |  831.4 |
         Sewer |    720 |    720 |      0 |      0 |    361 |   1 |  720.0 |
               +--------+--------+--------+--------+--------+-----+--------+

Top non-repeatable levels by time:
     D:2: 1076 daAuts
     D:4: 1009 daAuts
     D:1: 943 daAuts
     D:3: 824 daAuts
   Sewer: 720 daAuts
     D:5: 302 daAuts
